 Dungeon Crawl Stone Soup version 0.20.1-1-g8b1a95d (webtiles) character file.

2596 Glalom the Cleaver (level 9, -7/79 HPs)
             Began as a Deep Dwarf Fighter on Nov 2, 2017.
             Was a Follower of Makhleb.
             Mangled by an orc warrior
             ... wielding a +0 hand axe
              (15 damage)
             ... on level 7 of the Dungeon.
             The game lasted 00:17:21 (5808 turns).

Glalom the Cleaver (Deep Dwarf Fighter)             Turns: 5808, Time: 00:17:22

Health: -7/79      AC:  5    Str: 21    XL:     9   Next: 33%
Magic:  6/6        EV: 11    Int:  8    God:    Makhleb [*.....]
Gold:   337        SH:  0    Dex: 15    Spells: 8/8 levels left

rFire    . . .     SeeInvis .   a - +0 war axe
rCold    . . .     Gourm    .   (no shield)
rNeg     . . .     Faith    .   F - +2 leather armour {rPois}
rPois    +         Spirit   .   (no helmet)
rElec    .         Reflect  .   (no cloak)
rCorr    .         Harm     .   (no gloves)
MR       +....                  (no boots)
Stlth    +.........             (no amulet)
Regen    0.0/turn               e - ring of poison resistance
MPRegen  0.1/turn               (no ring)

@: non-regenerating, drained
A: damage resistance, heal wounds, sense surroundings 2, no regeneration
a: Heal Wounds, Renounce Religion


You were on level 7 of the Dungeon.
You worshipped Makhleb.
Makhleb was aware of your devotion.
You were not hungry.

You visited 2 branches of the dungeon, and saw 8 of its levels.

You collected 337 gold pieces.

Inventory:

Hand Weapons
 a - a +0 war axe (weapon)
 H - a +0 blowgun
Missiles
 I - 32 poisoned needles
Armour
 b - a +0 scale mail
 c - a +0 shield
 F - a +2 leather armour of poison resistance (worn)
Jewellery
 e - a ring of poison resistance (left hand)
 y - an uncursed ring of protection from cold {unknown}
 E - an uncursed ring of flight {unknown}
Wands
 n - a wand of lightning (8/15)
 B - a wand of lightning (4/15)
 C - a wand of paralysis (7/24)
Scrolls
 g - 2 scrolls of enchant weapon {unknown}
 h - 4 scrolls of teleportation {unknown}
 i - 5 scrolls of remove curse
 j - 8 scrolls of identify
 k - 4 scrolls of magic mapping {unknown}
 l - 3 scrolls of blinking {unknown}
 m - a scroll of immolation {unknown}
 p - a scroll of enchant armour {unknown}
 r - a scroll of recharging {unknown}
 w - a scroll of amnesia {unknown}
Potions
 d - 2 potions of might
 q - 4 potions of flight {unknown}
 s - 2 potions of ambrosia {unknown}
 t - a potion of berserk rage {unknown}
 v - 3 potions of lignification {unknown}
 x - a potion of brilliance {unknown}
 D - 2 potions of curing {unknown}
 G - a potion of haste {unknown}
Books
 z - a book of Battle

   Spells                             Type                      Level
   a - Infusion                       Charms                       1
   b - Shroud of Golubria             Charms/Translocation         2
   c - Song of Slaying                Charms                       2
   d - Spectral Weapon                Hexes/Charms                 3
   e - Regeneration                   Charms/Necromancy            3
 A - a book of Minor Magic

   Spells                             Type                      Level
   a - Magic Dart                     Conjuration                  1
   b - Blink                          Translocation                2
   c - Call Imp                       Summoning                    2
   d - Slow                           Hexes                        2
   e - Conjure Flame                  Conjuration/Fire             3
   f - Mephitic Cloud                 Conjuration/Poison/Air       3
Comestibles
 f - 5 bread rations
 o - 2 meat rations
 u - a royal jelly
 J - 7 chunks of flesh


   Skills:
 + Level 4.7(3.8) Fighting
 * Level 12.0(10.9) Axes
 + Level 5.9(5.0) Armour
 - Level 3.2(2.4) Shields


You had 8 spell levels left.
You didn't know any spells.

Dungeon Overview and Level Annotations

Branches:
Dungeon (7/15)             Temple (1/1) D:6

Altars:
Ashenzari
Cheibriados
Dithmenos
Hepliaklqana
Makhleb
Okawaru
Qazlal
Ru
Sif Muna
Trog
Uskayaw
Xom
Yredelemnul
Zin
The Shining One


Innate Abilities, Weirdness & Mutations

You are resistant to damage.
You can heal yourself by infusing magical energy.
You passively map the area around you.
You do not regenerate.


Message History

The orc warrior hits you with a hand axe.
Things that are here:
a mace; a scale mail You closely miss the orc warrior.
The orc warrior closely misses you.
You hit the orc warrior.
The orc warrior is lightly wounded.
The orc warrior closely misses you.
You slash the orc warrior!
The orc warrior is heavily wounded.
You slash the orc warrior!
The orc warrior is almost dead.
The orc warrior hits you with a hand axe!
* * * LOW HITPOINT WARNING * * *
You closely miss the orc warrior.
The orc warrior is almost dead.
The orc warrior barely misses you.
You barely miss the orc warrior.
The orc warrior is almost dead.
The orc warrior hits you with a hand axe!
You die...

#.# #..# #.# #..##
#.# #...# #.#
########.#.# #.#
#......#.#.. #.#
#......#.##. #.#
#####......#.##.
#.####..........#.###
#...@oo....))[..#.# #
######....##'####.# #
#....##.# #.###
#....##.# #....
#######.# #....
##########.# #....
#........#.# #)...
#.######.#.# #)##.
#.##.....#.# #.#..


You could see an orc warrior and an orc.

Vanquished Creatures
  Eustachio (D:4)
  3 sky beasts
  A necrophage (D:5)
  A phantom (D:4)
  2 centaurs
  An ogre (D:4)
  2 big kobolds (D:7)
  2 bullfrogs
  3 scorpions
  5 killer bees (D:7)
  6 wights
  2 howler monkeys
  3 crimson imps
  A bullfrog zombie (D:6)
  2 hounds
  An orc priest (D:7)
  A bullfrog skeleton (D:4)
  2 jellies
  2 orc wizards
  A centaur skeleton (D:7)
  5 worker ants
  A hound zombie (D:6)
  2 hound skeletons
  A howler monkey zombie (D:6)
  A worker ant zombie (D:6)
  4 gnolls (D:7)
  6 adders
  An ooze (D:1)
  2 adder skeletons
  2 adder zombies (D:6)
  3 worms
  2 dart slugs
  4 leopard geckos
  18 orcs
  2 ball pythons
  5 bats
  6 giant cockroaches
  8 goblins
  9 hobgoblins
  5 jackals
  4 quokkas
  7 frilled lizards
  17 kobolds
  2 leopard gecko skeletons
  5 rats
164 creatures vanquished.

Notes
Turn   | Place    | Note
-------+----------+-------------------------------------------
     0 | D:1      | Glalom the Deep Dwarf Fighter began the quest for the Orb.
     0 | D:1      | Reached XP level 1. HP: 20/20 MP: 1/1
    80 | D:1      | Reached skill level 3 in Axes
    80 | D:1      | Reached XP level 2. HP: 25/27 MP: 2/2
   589 | D:1      | Reached XP level 3. HP: 25/33 MP: 3/3
   622 | D:1      | Reached skill level 4 in Axes
  1376 | D:2      | Reached XP level 4. HP: 17/40 MP: 4/4
  1962 | D:2      | Found a faded altar of an unknown god.
  2037 | D:3      | Reached skill level 5 in Axes
  2318 | D:3      | Found a deep blue altar of Sif Muna.
  2432 | D:3      | Reached XP level 5. HP: 20/46 MP: 5/5
  2755 | D:4      | Reached skill level 6 in Axes
  2855 | D:4      | Noticed an ogre
  2863 | D:4      | Killed an ogre
  2866 | D:4      | Reached skill level 7 in Axes
  2866 | D:4      | Reached XP level 6. HP: 26/55 MP: 6/6
  2958 | D:4      | Noticed Eustachio
  3000 | D:4      | Killed Eustachio
  3000 | D:4      | Reached skill level 8 in Axes
  3000 | D:4      | Reached XP level 7. HP: 18/61 MP: 7/7
  3203 | D:4      | Reached skill level 9 in Axes
  3346 | D:5      | Entered Level 5 of the Dungeon
  3703 | D:5      | Reached skill level 10 in Axes
  3797 | D:5      | Reached XP level 8. HP: 20/68 MP: 8/8
  4200 | D:6      | Reached skill level 11 in Axes
  4551 | D:6      | Found a staircase to the Ecumenical Temple.
  4618 | Temple   | Entered the Ecumenical Temple
  4643 | Temple   | Became a worshipper of Makhleb the Destroyer
  5006 | D:7      | Reached skill level 5 in Armour
  5032 | D:7      | Gained mutation: You passively map the area around you. [Deep Dwarf growth]
  5032 | D:7      | Reached XP level 9. HP: 17/78 MP: 8/8
  5393 | D:7      | Reached * piety under Makhleb
  5675 | D:7      | Reached skill level 12 in Axes
  5808 | D:7      | Mangled by an orc warrior

Skill      XL: |  1  2  3  4  5  6  7  8  9 |
---------------+----------------------------+-----
Axes           | 3 4 5 7 8 10 11 12 | 12.0
Fighting       | 4 |  4.7
Armour         | 5 |  5.9
Shields        | |  3.2

Action                   |  1- 3 |  4- 6 |  7- 9 || total
-------------------------+-------+-------+-------++-------
Melee: War axe           |   126 |   176 |   355 ||   657
 Abil: Heal Wounds       |       |     3 |    14 ||    17
  Use: Scroll            |       |       |     3 ||     3
  Eat: Chunk             |     2 |     5 |    10 ||    17
Armor: Scale mail        |    76 |    84 |   104 ||   264
       Leather armour    |       |       |     9 ||     9
Dodge: Dodged            |    64 |    91 |   160 ||   315
